[Event "Titled Tuesday Blitz May 11 2021"]
[White "Shimanov, Aleksandr"]
[Black "Mukhutdinov, Tigran"]
[WhiteFideId "4198603"]
[BlackFideId "34108570"]
[WhiteElo "2596"]
[BlackElo "2154"]
[Result "0-1"]
[Round "02"]
[TimeControl "180+1"]
[Date "2021.05.11"]
[WhiteClock "0:00:04"]
[BlackClock "0:00:18"]

1. c4 e5 2. Nc3 Nf6 3. g3 Nc6 4. Bg2 Bb4 5. e4 Bxc3 6. bxc3 d6 7. d3 O-O 8. f4 a6 9. a4 Rb8 10. Nf3 b5 11. axb5 axb5 12. cxb5 Rxb5 13. O-O Bg4 14. h3 Bxf3 15. Qxf3 Rb3 16. Bd2 Qe7 17. Rfb1 Rfb8 18. Rxb3 Rxb3 19. Ra8+ Rb8 20. Rxb8+ Nxb8 21. Qd1 Nbd7 22. Be3 g6 23. Qb3 Kg7 24. Qc4 c5 25. Qa6 Nh5 26. Kh2 exf4 27. gxf4 Qf6 28. Qc6 Nf8 29. e5 Qh4 30. Qf3 dxe5 31. fxe5 Ne6 32. d4 cxd4 33. cxd4 Nxd4 34. Qg4 Nf5 35. Bg5 Qe1 36. Be4 Qg3+ 37. Qxg3 Nhxg3 38. Bd3 h6 39. Bf6+ Kg8 40. Kg2 Nh5 41. Bxf5 Nxf6 42. Kf3 gxf5 43. exf6 Kh7 44. Kf4 Kg6 45. Ke5 Kg5 46. h4+ Kxh4 47. Kxf5 Kg3 48. Ke5 Kg4 49. Kd6 Kg5 50. Ke7 Kg6 0-1


[Site "https://www.chess.com"]

[Event "Titled Tuesday Blitz May 11 2021"]
[White "Sieciechowicz, Marcin"]
[Black "Livaic, Leon"]
[WhiteFideId "1130170"]
[BlackFideId "14531534"]
[WhiteElo "2288"]
[BlackElo "2540"]
[Result "0-1"]
[Round "02"]
[TimeControl "180+1"]
[Date "2021.05.11"]
[WhiteClock "0:00:01"]
[BlackClock "0:00:02"]

1. d4 Nf6 2. c4 c5 3. d5 e5 4. Nc3 d6 5. e4 g6 6. g3 Bg7 7. Bg2 O-O 8. Nge2 Na6 9. O-O Nc7 10. Rb1 Rb8 11. a3 b5 12. cxb5 Nxb5 13. Nxb5 Rxb5 14. b4 cxb4 15. axb4 a5 16. Bd2 axb4 17. Rxb4 Ba6 18. Re1 Qb6 19. Be3 Qb7 20. Rxb5 Bxb5 21. Nc3 Bc4 22. Qb1 Rb8 23. Qxb7 Rxb7 24. Rb1 Rxb1+ 25. Nxb1 Ng4 26. Bb6 f5 27. f3 Nf6 28. Bc7 Bf8 29. Nd2 Bd3 30. Kf2 Kf7 31. Bf1 fxe4 32. fxe4 Bxe4 33. Nxe4 Nxe4+ 34. Kg2 Nf6 35. Bc4 Ke7 36. h3 Bh6 37. g4 Be3 38. Kf3 Bc5 39. Ba5 g5 40. Bd2 e4+ 41. Kg3 h6 42. Bc3 Ne8 43. h4 gxh4+ 44. Kxh4 Be3 45. Kh5 Bg5 46. Kg6 e3 47. Kf5 Bf6 48. Be1 Bd4 49. Bg3 Kf7 50. Bh4 Bc5 51. g5 Ng7+ 52. Ke4 h5 53. Bb5 Kg6 54. Be2 Nf5 55. Be1 Kxg5 56. Bxh5 Kxh5 0-1


[Site "https://www.chess.com"]

[Event "Titled Tuesday Blitz May 11 2021"]
[White "Song, Michael"]
[Black "Kovalev, Vladislav"]
[WhiteFideId "2613190"]
[BlackFideId "13504398"]
[WhiteElo "2274"]
[BlackElo "2573"]
[Result "0-1"]
[Round "02"]
[TimeControl "180+1"]
[Date "2021.05.11"]
[WhiteClock "0:00:19"]
[BlackClock "0:00:22"]

1. Nf3 Nf6 2. b3 g6 3. Bb2 Bg7 4. e3 d6 5. Be2 e5 6. d3 O-O 7. O-O c5 8. c4 Nc6 9. Nc3 Re8 10. Nd2 Be6 11. Nde4 Nxe4 12. dxe4 a6 13. Qd2 f6 14. Rad1 Bf8 15. f4 Bf7 16. Nd5 Bg7 17. Bd3 Bxd5 18. exd5 Ne7 19. f5 g5 20. Be2 Rf8 21. Bh5 b5 22. Bc3 Qb6 23. h4 Bh6 24. g3 gxh4 25. gxh4 Kh8 26. Kh2 Rg8 27. Bf7 Rg4 28. Kh3 Rg7 29. Be6 Ra7 30. Qe2 Ng8 31. a4 b4 32. Bd2 Qd8 33. e4 Bxd2 34. Qxd2 Qe8 35. Qe2 Nh6 36. Rg1 a5 37. Qf3 Rac7 38. Rdf1 Rce7 39. Re1 Rc7 40. Ref1 Ra7 41. Re1 Rxg1 42. Rxg1 Rg7 43. Rxg7 Kxg7 44. h5 Qf8 45. Kh4 Kh8 46. Qg4 Qe7 47. Qg3 Qe8 48. Qg4 Nxg4 0-1


[Site "https://www.chess.com"]

[Event "Titled Tuesday Blitz May 11 2021"]
[White "Spata, German"]
[Black "Vasquez Schroeder, Rodrigo"]
[WhiteFideId "113026"]
[BlackFideId "3400042"]
[WhiteElo "2238"]
[BlackElo "2572"]
[Result "0-1"]
[Round "02"]
[TimeControl "180+1"]
[Date "2021.05.11"]
[WhiteClock "0:00:52"]
[BlackClock "0:01:54"]

1. d4 Nf6 2. Bf4 d5 3. e3 e6 4. Nf3 Bd6 5. Bg3 c5 6. c3 Qc7 7. Bb5+ Bd7 8. Bxd7+ Nbxd7 9. Nbd2 O-O 10. O-O e5 11. dxe5 Nxe5 12. Nxe5 Bxe5 13. Bxe5 Qxe5 14. Re1 Rfe8 15. Qb3 b6 16. Rad1 Rad8 17. h3 h6 18. Qa4 Rd7 19. Qb5 Red8 20. a4 Qe6 21. a5 Ne4 22. Nxe4 dxe4 23. Rxd7 Qxd7 24. Qxd7 Rxd7 25. axb6 axb6 26. Kf1 Rd2 27. Re2 Rd3 28. Re1 f5 29. Ke2 b5 30. Ra1 b4 31. Ra5 bxc3 32. Rxc5 Rd2+ 33. Ke1 cxb2 0-1


[Site "https://www.chess.com"]

[Event "Titled Tuesday Blitz May 11 2021"]
[White "Spyropoulos, Nikolaos"]
[Black "Petrovskyi, Vadym"]
[WhiteFideId "4298977"]
[BlackFideId "14165210"]
[WhiteElo "2159"]
[BlackElo "2219"]
[Result "0-1"]
[Round "02"]
[TimeControl "180+1"]
[Date "2021.05.11"]
[WhiteClock "0:00:05"]
[BlackClock "0:01:25"]

1. e4 c5 2. Nf3 d6 3. d4 cxd4 4. Nxd4 Nf6 5. Nc3 a6 6. h3 e5 7. Nde2 h5 8. g3 Be7 9. Bg2 Be6 10. O-O O-O 11. Be3 Nbd7 12. a4 Rc8 13. a5 Qc7 14. Qd2 Rfd8 15. Rfc1 Nc5 16. b4 Ncd7 17. Nd5 Nxd5 18. exd5 Bf5 19. c4 Nf6 20. Bb6 Qd7 21. Bxd8 Bxd8 22. Kh2 Ne4 23. Qe3 Nf6 24. c5 Nh7 25. cxd6 Qxd6 26. Rxc8 Bxc8 27. Qc5 Qb8 28. Rc1 Bd7 29. d6 Ng5 30. Nc3 h4 31. Nd5 hxg3+ 32. fxg3 Ne6 33. Qe3 Qxd6 34. Rd1 Nd4 35. Nb6 Be6 0-1


[Site "https://www.chess.com"]

[Event "Titled Tuesday Blitz May 11 2021"]
[White "Stefansson, Vignir Vatnar"]
[Black "Zhigalko, Sergei"]
[WhiteFideId "2308649"]
[BlackFideId "13502956"]
[WhiteElo "2364"]
[BlackElo "2662"]
[Result "0-1"]
[Round "02"]
[TimeControl "180+1"]
[Date "2021.05.11"]
[WhiteClock "0:01:53"]
[BlackClock "0:01:56"]

1. d4 Nf6 2. c4 e6 3. Nf3 b6 4. g3 Ba6 5. b3 Bb4+ 6. Bd2 Be7 7. Nc3 O-O 8. e4 d5 9. cxd5 Bxf1 10. Kxf1 exd5 11. e5 Ne4 12. Kg2 Nxc3 13. Bxc3 Qd7 14. Re1 Nc6 15. Ng1 Nd8 16. f4 f5 17. exf6 Bxf6 18. Nf3 Ne6 19. Qd2 Rae8 20. Re2 Nxf4+ 21. gxf4 Qg4+ 22. Kf2 Bh4+ 23. Nxh4 Rxf4+ 24. Qxf4 Rxe2+ 0-1


[Site "https://www.chess.com"]

[Event "Titled Tuesday Blitz May 11 2021"]
[White "Stocek, Jiri"]
[Black "Ivic, Velimir"]
[WhiteFideId "304760"]
[BlackFideId "950122"]
[WhiteElo "2409"]
[BlackElo "2509"]
[Result "1-0"]
[Round "02"]
[TimeControl "180+1"]
[Date "2021.05.11"]
[WhiteClock "0:00:18"]
[BlackClock "0:00:09"]

1. e4 c6 2. d4 d5 3. Nd2 dxe4 4. Nxe4 Nf6 5. Bd3 Bf5 6. Nxf6+ gxf6 7. Bxf5 Qa5+ 8. b4 Qxf5 9. Nf3 e6 10. O-O Rg8 11. Rb1 Nd7 12. Rb3 Nb6 13. a4 O-O-O 14. a5 Nc4 15. Qe2 Qd5 16. Bf4 Bd6 17. Bg3 f5 18. Rc3 Bxg3 19. Rxc4 Bc7 20. a6 b6 21. Rb1 Rg4 22. Rb3 Rdg8 23. g3 Re4 24. Qd3 Rd8 25. Rbc3 Rd6 26. Qf1 f6 27. Qh3 Qb5 28. Qxh7 Qxa6 29. Rxc6 Rd7 30. Rxc7+ 1-0


[Site "https://www.chess.com"]

[Event "Titled Tuesday Blitz May 11 2021"]
[White "Sumaneev, Dmitry"]
[Black "Deepan Chakkravarthy J."]
[WhiteFideId "4125312"]
[BlackFideId "5011132"]
[WhiteElo "2513"]
[BlackElo "2490"]
[Result "1-0"]
[Round "02"]
[TimeControl "180+1"]
[Date "2021.05.11"]
[WhiteClock "0:00:15"]
[BlackClock "0:00:32"]

1. e4 e5 2. Nc3 Nc6 3. g3 g6 4. Bg2 Bg7 5. Nge2 d6 6. O-O Nge7 7. d3 O-O 8. f4 h6 9. fxe5 dxe5 10. h3 Be6 11. Be3 Nd4 12. Qd2 Kh7 13. Kh2 c5 14. Rf2 Qd7 15. Raf1 Rad8 16. b3 b6 17. a4 f5 18. exf5 gxf5 19. Ng1 Rf7 20. Nf3 Rdf8 21. Nh4 a6 22. Ne2 Qd6 23. Nc3 Qc7 24. Nb1 Qd6 25. Nc3 Qd7 26. Ne2 Nd5 27. Bxd5 Bxd5 28. Bxd4 cxd4 29. Ng1 e4 30. dxe4 fxe4 31. Rxf7 Rxf7 32. Rxf7 Qxf7 33. Qe2 Be5 34. Ng2 Qg6 35. Qg4 Qxg4 36. hxg4 e3 37. Nf4 Be4 38. Nd3 Bf6 39. Ne2 Bf3 40. Nef4 Bd1 41. Nd5 Bxc2 42. Nxf6+ Kg6 43. Nd7 Bxb3 44. N7e5+ Kf6 45. Kg2 Bxa4 46. Kf3 Bc6+ 47. Nxc6 1-0


[Site "https://www.chess.com"]

[Event "Titled Tuesday Blitz May 11 2021"]
[White "Tejedor Fuente, Enrique"]
[Black "Matlakov, Maxim"]
[WhiteFideId "2299100"]
[BlackFideId "4168003"]
[WhiteElo "2535"]
[BlackElo "2760"]
[Result "0-1"]
[Round "02"]
[TimeControl "180+1"]
[Date "2021.05.11"]
[WhiteClock "0:00:01"]
[BlackClock "0:00:32"]

1. d4 d5 2. c4 dxc4 3. e3 Nf6 4. Bxc4 e6 5. Nc3 a6 6. Nf3 b5 7. Bd3 Bb7 8. O-O Nbd7 9. e4 b4 10. e5 bxc3 11. exf6 Qxf6 12. bxc3 Bxf3 13. Qxf3 Qxf3 14. gxf3 Bd6 15. Rb1 Ke7 16. Bg5+ f6 17. Be3 a5 18. Bb5 Rab8 19. a4 Nb6 20. Ra1 Nd5 21. Bd2 Bf4 22. c4 Bxd2 23. cxd5 exd5 24. Ra2 Bf4 25. Re1+ Kf7 26. Rae2 Rhd8 27. Re7+ Kf8 28. Kg2 Bd6 29. R7e2 Rb6 30. Re8+ Rxe8 31. Rxe8+ Kf7 32. Ra8 c6 33. Bd3 Rb4 34. Ra7+ Ke6 35. Bxh7 Rxa4 36. Bg8+ Kf5 37. Bh7+ g6 38. Rg7 Rxd4 39. Rxg6 Ke6 40. Bg8+ Ke7 41. Rg7+ Kf8 42. Rg6 Be5 43. Bh7 a4 44. Rg8+ Kf7 45. Ra8 Rh4 46. Bg8+ Kg7 47. Be6 Rxh2+ 48. Kf1 Rh1+ 49. Kg2 Ra1 50. Bd7 c5 51. Rxa4 Rxa4 52. Bxa4 Kf7 53. Bc6 Ke6 54. Kf1 Kd6 55. Bb7 c4 56. Ke2 Kc5 57. Ke3 Bd4+ 58. Ke2 Bb2 59. f4 d4 60. Kf3 d3 61. Ke3 Bc1+ 62. Kf3 Kd4 63. Ba6 c3 64. Bb5 c2 65. Ba4 Bd2 0-1


[Site "https://www.chess.com"]

[Event "Titled Tuesday Blitz May 11 2021"]
[White "Timmermans, Mark"]
[Black "Xtrmntr78"]
[WhiteFideId "1026399"]
[WhiteElo "2460"]
[BlackElo "2532"]
[Result "1-0"]
[Round "02"]
[TimeControl "180+1"]
[Date "2021.05.11"]
[WhiteClock "0:01:10"]
[BlackClock "0:00:03"]

1. b4 d5 2. Bb2 e6 3. e3 Nf6 4. b5 a6 5. a4 axb5 6. axb5 Rxa1 7. Bxa1 c5 8. c4 Be7 9. Nf3 O-O 10. Be2 Nbd7 11. O-O Nb6 12. cxd5 Nbxd5 13. d4 Qa5 14. Nbd2 Rd8 15. Nc4 Qxb5 16. Nd6 Qc6 17. dxc5 Qxc5 18. Nxc8 Qxc8 19. Qb3 Ne4 20. Bd4 Bf6 21. Qb2 Bxd4 22. Nxd4 Nec3 23. Bf3 Rd7 24. g3 g6 25. Kg2 Qc4 26. Rc1 Rc7 27. Ne2 b5 28. e4 Na4 29. Qd2 Ndc3 30. e5 Rc8 31. h4 b4 32. h5 Qc7 33. Qg5 1-0


[Site "https://www.chess.com"]

[Event "Titled Tuesday Blitz May 11 2021"]
[White "Titus, Andrew"]
[Black "Shipov, Sergei"]
[WhiteFideId "2059770"]
[BlackFideId "4113624"]
[WhiteElo "2044"]
[BlackElo "2753"]
[Result "0-1"]
[Round "02"]
[TimeControl "180+1"]
[Date "2021.05.11"]
[WhiteClock "0:00:05"]
[BlackClock "0:00:38"]

1. e4 c5 2. Nf3 Nf6 3. Nc3 Nc6 4. e5 Ng4 5. Qe2 f6 6. exf6 Nxf6 7. g3 e6 8. Bg2 Be7 9. O-O O-O 10. d3 d6 11. Bg5 e5 12. Bxf6 Bxf6 13. Nd5 Bg4 14. Qe4 Qd7 15. Nd2 Nd4 16. c3 Nc6 17. Nc4 Kh8 18. f4 Bf5 19. Qe2 Rae8 20. fxe5 Bxe5 21. Qd2 b5 22. Nce3 Be6 23. Rxf8+ Rxf8 24. Rf1 Rxf1+ 25. Nxf1 h6 26. Qf2 Kg8 27. Nfe3 Qf7 28. Bf3 b4 29. Qe2 bxc3 30. bxc3 Bxc3 31. Bh5 g6 32. Bxg6 Qxg6 33. Nxc3 Nd4 34. Qf1 Qg5 35. Qf2 Qe5 36. Ne4 Kg7 37. Nd2 Qf6 38. Qxf6+ Kxf6 39. Ne4+ Ke5 40. a4 c4 41. Nc3 cxd3 42. Kf2 d2 43. Ned1 a5 44. Ke3 Nb3 45. Nf2 d5 46. Nd3+ Kd6 47. Nd1 d4+ 48. Kf2 Bg4 49. N3b2 Kd5 50. Kg2 Nc5 51. h3 Bxd1 52. Nxd1 Nxa4 53. Kf2 Nc3 54. Nb2 a4 0-1


[Site "https://www.chess.com"]

[Event "Titled Tuesday Blitz May 11 2021"]
[White "Viana Da Costa, Fernando"]
[Black "gurelediz"]
[WhiteFideId "2111900"]
[WhiteElo "2247"]
[BlackElo "2743"]
[Result "0-1"]
[Round "02"]
[TimeControl "180+1"]
[Date "2021.05.11"]
[WhiteClock "0:00:04"]
[BlackClock "0:00:32"]

1. e4 c5 2. Nf3 e6 3. d4 cxd4 4. Nxd4 Nc6 5. Nb5 Nf6 6. Bf4 d6 7. Bxd6 Bxd6 8. Qxd6 Qxd6 9. Nxd6+ Ke7 10. Nxc8+ Raxc8 11. Nc3 Rhd8 12. Bd3 Nb4 13. O-O-O Ng4 14. Rd2 Ne5 15. Rhd1 Nexd3+ 16. cxd3 Nxa2+ 17. Kc2 b5 18. Kb3 Nxc3 19. bxc3 a5 20. Ra1 Ra8 21. c4 bxc4+ 22. Kxc4 a4 23. d4 a3 24. d5 Ra4+ 25. Kb3 Rxe4 26. Rxa3 Rxd5 27. Ra7+ Kf6 28. Rda2 Re1 29. Kc3 Rc1+ 30. Kb4 Rd8 31. Rb7 Rb1+ 0-1


[Site "https://www.chess.com"]

[Event "Titled Tuesday Blitz May 11 2021"]
[White "Vlassov, Nikolai"]
[Black "Zubov, Alexander"]
[WhiteFideId "4103360"]
[BlackFideId "14109409"]
[WhiteElo "2407"]
[BlackElo "2740"]
[Result "1/2-1/2"]
[Round "02"]
[TimeControl "180+1"]
[Date "2021.05.11"]
[WhiteClock "0:00:50"]
[BlackClock "0:00:21"]

1. e4 c5 2. c3 Nf6 3. e5 Nd5 4. d4 cxd4 5. cxd4 d6 6. Bc4 e6 7. Nf3 Nc6 8. O-O Be7 9. Qe2 O-O 10. Qe4 Ndb4 11. Bb3 dxe5 12. dxe5 Qd3 13. Nc3 Qxe4 14. Nxe4 Rd8 15. Bg5 Bxg5 16. Nexg5 Bd7 17. Rfd1 Na5 18. Nd4 Nxb3 19. axb3 Bc6 20. Nxc6 bxc6 21. f4 Rd5 22. Ne4 h6 23. Nc3 Rd3 24. Rxd3 Nxd3 25. g3 Rb8 26. Rxa7 Rxb3 27. Ne4 Rxb2 28. Nd6 c5 29. h4 Rc2 30. Rc7 f6 31. exf6 gxf6 32. Ne4 f5 33. Nf6+ Kf8 34. Rd7 c4 35. Nh7+ Ke8 36. Nf6+ Kf8 37. Nh7+ Ke8 38. Nf6+ Kf8 1/2-1/2


[Site "https://www.chess.com"]

[Event "Titled Tuesday Blitz May 11 2021"]
[White "Vovk, Orest"]
[Black "Triapishko, Alexandr"]
[WhiteFideId "14113490"]
[BlackFideId "14122286"]
[WhiteElo "2203"]
[BlackElo "2490"]
[Result "1-0"]
[Round "02"]
[TimeControl "180+1"]
[Date "2021.05.11"]
[WhiteClock "0:00:06"]
[BlackClock "0:00:01"]

1. h3 c5 2. Nc3 Nc6 3. Nf3 g6 4. g4 Bg7 5. Bg2 e6 6. d3 Nge7 7. e4 O-O 8. h4 h6 9. h5 g5 10. Nxg5 hxg5 11. Bxg5 Kh7 12. f4 d6 13. Qd2 Rg8 14. f5 Bxc3 15. bxc3 f6 16. Bxf6 Rxg4 17. Bf3 Rg3 18. Qf4 Qg8 19. Kf2 Rxf3+ 20. Qxf3 Qf7 21. Bxe7 Nxe7 22. Rag1 exf5 23. h6 Ng6 24. Rg5 f4 25. Rhg1 Ne5 26. Rg7+ Kxh6 27. Rxf7 Nxf3 28. Kxf3 b6 29. Rf6+ Kh5 30. Rxf4 Be6 31. Ke3 Re8 32. Rf2 Kh6 33. Rh2+ 1-0


[Site "https://www.chess.com"]

[Event "Titled Tuesday Blitz May 11 2021"]
[White "Wadsworth, Matthew J"]
[Black "Mohammad Nubairshah Shaikh"]
[WhiteFideId "415804"]
[BlackFideId "5053196"]
[WhiteElo "2293"]
[BlackElo "2382"]
[Result "1-0"]
[Round "02"]
[TimeControl "180+1"]
[Date "2021.05.11"]
[WhiteClock "0:00:19"]
[BlackClock "0:00:39"]

1. c4 e5 2. g3 c6 3. d4 exd4 4. Qxd4 d5 5. Bg2 Nf6 6. Nf3 Be7 7. cxd5 Qxd5 8. Nc3 Qxd4 9. Nxd4 O-O 10. O-O Na6 11. Bf4 Bg4 12. h3 Bh5 13. Rfd1 Rad8 14. Nb3 Bb4 15. g4 Bg6 16. Be3 Ra8 17. Rac1 Rfe8 18. a3 Bf8 19. Na5 Re7 20. b4 h5 21. g5 Ne8 22. b5 cxb5 23. Bxb7 Rxb7 24. Nxb7 Bxa3 25. Ra1 Bb2 26. Rxa6 Bxc3 27. Rxa7 Rxa7 28. Bxa7 b4 29. Rd8 b3 30. Rxe8+ Kh7 31. Nd6 b2 32. Rb8 b1=Q+ 33. Rxb1 Bxb1 34. Nxf7 Kg6 35. Nd6 Kxg5 36. Be3+ Kh4 37. Kg2 Be5 38. f4 Bxf4 39. Bxf4 Bg6 40. e4 Bh7 41. Nf5+ Bxf5 42. exf5 g6 43. f6 1-0


[Site "https://www.chess.com"]

[Event "Titled Tuesday Blitz May 11 2021"]
[White "Wagner, Dennis"]
[Black "Orozbaev, Eldiar"]
[WhiteFideId "24650684"]
[BlackFideId "13802240"]
[WhiteElo "2355"]
[BlackElo "1914"]
[Result "1-0"]
[Round "02"]
[TimeControl "180+1"]
[Date "2021.05.11"]
[WhiteClock "0:00:12"]
[BlackClock "0:00:05"]

1. e4 Nf6 2. e5 Nd5 3. d4 d6 4. c4 Nb6 5. exd6 exd6 6. Nc3 Be7 7. Be3 O-O 8. Bd3 Nc6 9. Nge2 Bg4 10. O-O Bf6 11. f3 Bh5 12. Ne4 Bg6 13. b3 d5 14. Nxf6+ Qxf6 15. c5 Nc8 16. Nf4 N8e7 17. a3 Rad8 18. Re1 Nf5 19. Bxf5 Qxf5 20. b4 a6 21. Qd2 Rfe8 22. Bf2 Qf6 23. g4 Ne7 24. h4 h5 25. gxh5 Bf5 26. Kh2 g6 27. Re5 Nc6 28. Nxd5 Rxd5 29. Rxe8+ Kg7 30. h6+ Kh7 31. Qg5 Qxg5 32. hxg5 Be6 33. f4 Nxd4 34. Bxd4 Rxd4 35. Re7 Rd2+ 36. Kg3 Rd3+ 37. Kf2 Bd5 38. Rxc7 Rf3+ 39. Ke2 Rxf4 40. Rd1 Bc6 41. Rd8 Re4+ 42. Kd3 Rg4 43. Rcc8 Rg3+ 44. Ke2 Rg2+ 45. Kf1 1-0


[Site "https://www.chess.com"]

[Event "Titled Tuesday Blitz May 11 2021"]
[White "Wu, Christopher"]
[Black "Kamsky, Gata"]
[WhiteFideId "2040875"]
[BlackFideId "2000024"]
[WhiteElo "2554"]
[BlackElo "2644"]
[Result "0-1"]
[Round "02"]
[TimeControl "180+1"]
[Date "2021.05.11"]
[WhiteClock "0:00:31"]
[BlackClock "0:00:32"]

1. e4 c5 2. Nf3 e6 3. d4 cxd4 4. Nxd4 a6 5. c4 Nf6 6. Nc3 Qc7 7. Bd3 Bc5 8. Nc2 b6 9. O-O Bb7 10. Qe2 Nc6 11. Kh1 Ne5 12. f4 Nxd3 13. Qxd3 Rc8 14. b3 O-O 15. Be3 Be7 16. a4 d5 17. e5 dxc4 18. bxc4 Qxc4 19. Qxc4 Rxc4 20. exf6 Bxf6 21. Bxb6 Rxc3 22. Nd4 Rc4 23. Rfd1 h5 24. a5 h4 25. h3 Rfc8 26. Kh2 e5 27. Nf5 exf4 28. Nd6 Bxa1 29. Rxa1 Bd5 30. Nxc8 Rxc8 31. Rd1 Be4 32. Rd2 f6 33. Rd8+ Rxd8 34. Bxd8 Kf7 35. Kg1 f3 36. gxf3 Bxf3 37. Kf2 Bd5 38. Bb6 g5 39. Bd4 Kg6 40. Bb6 f5 41. Bd8 Kh5 42. Be7 Bc6 43. Bd8 Bd7 44. Be7 Bc6 45. Bd8 g4 46. hxg4+ fxg4 47. Bc7 Kg6 48. Bd8 g3+ 49. Kf1 h3 50. Bc7 h2 0-1


[Site "https://www.chess.com"]

[Event "Titled Tuesday Blitz May 11 2021"]
[White "Yoo, Christopher Woojin"]
[Black "Zarubitski, Viachaslau"]
[WhiteFideId "30909694"]
[BlackFideId "13509373"]
[WhiteElo "2009"]
[BlackElo "2363"]
[Result "1-0"]
[Round "02"]
[TimeControl "180+1"]
[Date "2021.05.11"]
[WhiteClock "0:00:03"]
[BlackClock "0:00:02"]

1. d4 d5 2. c4 c6 3. Nc3 Nf6 4. cxd5 cxd5 5. Bf4 Nc6 6. e3 e6 7. Bd3 Be7 8. Nf3 O-O 9. O-O Nh5 10. Be5 Nxe5 11. dxe5 g6 12. Qb3 Bd7 13. Qxb7 Rb8 14. Qxa7 Qc8 15. Qd4 Rb4 16. Qa7 Bc5 17. Qa5 Rxb2 18. Rac1 Bb4 19. Qa7 Bxc3 20. Qa3 Qa8 21. Qxc3 Rxa2 22. Qb4 Rb8 23. Qe7 Ra7 24. Qh4 Ng7 25. Ng5 h5 26. Qf4 Be8 27. Nf3 Bb5 28. Bxb5 Rxb5 29. h3 Ra4 30. Qf6 Ra7 31. Rc2 Qf8 32. Rfc1 Rb8 33. Rc7 Rxc7 34. Rxc7 Ne8 35. Qe7 Nxc7 36. Qxc7 Rc8 37. Qb6 Rb8 38. Qa7 Qd8 39. Kh2 Kg7 40. Ng5 Qxg5 41. Qxb8 d4 42. f4 Qf5 43. Qb6 dxe3 44. Qxe3 h4 45. Kg1 Qb1+ 46. Kf2 Qf5 47. Kf3 g5 48. Qe4 Kg6 49. Ke3 g4 50. hxg4 Qxe4+ 51. Kxe4 1-0


[Site "https://www.chess.com"]

[Event "Titled Tuesday Blitz May 11 2021"]
[White "Yuan, Qingyu"]
[Black "Mortazavi, Ali"]
[WhiteFideId "8609772"]
[BlackFideId "401323"]
[WhiteElo "2359"]
[BlackElo "2339"]
[Result "1-0"]
[Round "02"]
[TimeControl "180+1"]
[Date "2021.05.11"]
[WhiteClock "0:00:13"]
[BlackClock "0:00:08"]

1. e4 c6 2. d4 d5 3. e5 Bf5 4. Nd2 e6 5. Nb3 Ne7 6. Nf3 Ng6 7. Be2 Nd7 8. O-O f6 9. exf6 Qxf6 10. Na5 Rb8 11. c4 Bd6 12. Bg5 Qf7 13. Qd2 O-O 14. b4 Nf6 15. Be3 Ne4 16. Qb2 Nf4 17. Bxf4 Bxf4 18. b5 Bc7 19. Nb3 Kh8 20. Ne5 Bxe5 21. dxe5 Qg6 22. f3 Ng5 23. Kh1 Nf7 24. Rad1 Bc2 25. Rd2 Bxb3 26. axb3 Qh6 27. f4 Rbd8 28. Rd3 dxc4 29. Rh3 Qg6 30. Bxc4 Nh6 31. bxc6 bxc6 32. Qe2 Nf5 33. Bd3 h6 34. g4 Nd4 35. Qe3 Qf7 36. Qe4 g6 37. Rxh6+ Kg8 38. Rxg6+ Kh8 39. Rh6+ Kg8 40. Rf6 Qe7 41. Qg6+ Qg7 42. Qh5 Rxf6 43. exf6 Qxf6 44. g5 Qg7 45. Be4 c5 46. Qg4 Re8 47. h4 a5 48. h5 e5 49. f5 c4 50. f6 Qc7 51. f7+ Qxf7 52. Rxf7 Kxf7 53. Bd5+ 1-0


[Site "https://www.chess.com"]

[Event "Titled Tuesday Blitz May 11 2021"]
[White "Zhurbinsky, David"]
[Black "Fernandez, Daniel Howard"]
[WhiteFideId "2072904"]
[BlackFideId "5801605"]
[WhiteElo "2478"]
[BlackElo "2468"]
[Result "0-1"]
[Round "02"]
[TimeControl "180+1"]
[Date "2021.05.11"]
[WhiteClock "0:01:16"]
[BlackClock "0:02:23"]

1. e4 e5 2. Nf3 Nc6 3. Bb5 a6 4. Ba4 Nf6 5. O-O Be7 6. Re1 b5 7. Bb3 O-O 8. c3 d5 9. exd5 Nxd5 10. Nxe5 Nxe5 11. Rxe5 c6 12. d3 Bd6 13. Re1 Bf5 14. Qf3 Qh4 15. g3 Qh3 16. Bxd5 cxd5 17. Qxd5 Rad8 18. Qg2 Qh5 19. d4 Rfe8 20. Be3 Be4 21. f3 Bxf3 22. Qf2 Re6 23. Nd2 Bxg3 24. Qxf3 Qxh2+ 25. Kf1 Rf6 26. Bg1 Qxd2 0-1


[Site "https://www.chess.com"]

[Event "Titled Tuesday Blitz May 11 2021"]
[White "elohunter1999"]
[Black "Ibrahimli, Murad"]
[BlackFideId "13410229"]
[WhiteElo "2544"]
[BlackElo "2109"]
[Result "1/2-1/2"]
[Round "02"]
[TimeControl "180+1"]
[Date "2021.05.11"]
[WhiteClock "0:00:19"]
[BlackClock "0:00:24"]

1. d4 d5 2. c4 e6 3. Nf3 Nf6 4. g3 Be7 5. Bg2 O-O 6. O-O dxc4 7. Ne5 Qd6 8. Nc3 Rd8 9. Nxc4 Qa6 10. Qb3 Nc6 11. e3 Na5 12. Nxa5 Qxa5 13. Bd2 Qb6 14. Rfc1 c6 15. Na4 Qc7 16. Bb4 Bxb4 17. Qxb4 e5 18. dxe5 Qxe5 19. Rd1 Re8 20. Qd6 Qa5 21. Nc5 Bg4 22. Rd4 Qb6 23. Na4 Qb5 24. Rb4 Qe2 25. Nc3 Qa6 26. Ra4 Qb6 27. Rb4 Qa6 28. Ra4 Qb6 29. Rb4 Qa6 1/2-1/2


[Site "https://www.chess.com"]

[Event "Titled Tuesday Blitz May 11 2021"]
[White "gross-aleks"]
[Black "Le, Tuan Minh"]
[BlackFideId "12401153"]
[WhiteElo "2607"]
[BlackElo "2450"]
[Result "0-1"]
[Round "02"]
[TimeControl "180+1"]
[Date "2021.05.11"]
[WhiteClock "0:00:12"]
[BlackClock "0:00:06"]

1. d4 d5 2. c4 c6 3. Nf3 Nf6 4. e3 Bf5 5. Qb3 Qc7 6. Nc3 e6 7. Bd2 Nbd7 8. Rc1 Rc8 9. Nh4 Be4 10. Nxe4 Nxe4 11. Nf3 Bd6 12. Bd3 f5 13. Bb4 Ndf6 14. Bxd6 Nxd6 15. Ne5 Qa5+ 16. Qc3 Qxc3+ 17. bxc3 g6 18. cxd5 cxd5 19. c4 Nd7 20. Nxd7 Kxd7 21. c5 b6 22. Ke2 bxc5 23. dxc5 Nf7 24. Bb5+ Kc7 25. Rb1 Rb8 26. Rhc1 Ne5 27. f4 Nc6 28. Kd3 Na5 29. Kd4 Rb7 30. Ba6 Nc6+ 31. Kc3 Rbb8 32. Bb5 e5 33. Bxc6 Kxc6 34. fxe5 Rhe8 35. Kd4 h6 36. h4 g5 37. g3 gxh4 38. gxh4 Rg8 39. e6 Rbe8 40. Rg1 Rxg1 41. Rxg1 Rxe6 42. h5 Re4+ 43. Kd3 Kxc5 44. Rg6 Ra4 45. Rxh6 Ra3+ 46. Ke2 Rxa2+ 47. Kf3 Rh2 48. Kg3 Rh1 49. Kg2 Rh4 50. Kg3 Re4 51. Kf3 a5 52. Rf6 a4 53. Rxf5 a3 54. Rf8 Ra4 55. Rc8+ Kb4 56. Rc1 Kb3 57. h6 Rh4 58. Rb1+ Kc2 59. Rb5 a2 60. Ra5 Kb3 61. Rb5+ Rb4 62. Ra5 Ra4 63. Rb5+ Kc4 0-1


[Site "https://www.chess.com"]

[Event "Titled Tuesday Blitz May 11 2021"]
[White "Acor, Corey"]
[Black "Solon, Nathan"]
[WhiteFideId "2024861"]
[BlackFideId "2017229"]
[WhiteElo "2803"]
[BlackElo "2636"]
[Result "1/2-1/2"]
[Round "03"]
[TimeControl "180+1"]
[Date "2021.05.11"]
[WhiteClock "0:00:04"]
[BlackClock "0:00:04"]

1. e4 c5 2. Nc3 d6 3. g3 Nc6 4. Bg2 g6 5. d3 Bg7 6. Be3 Rb8 7. Nf3 b5 8. d4 b4 9. Ne2 cxd4 10. Nexd4 Bb7 11. O-O Nf6 12. Nxc6 Bxc6 13. e5 dxe5 14. Nxe5 Bxg2 15. Kxg2 Qd5+ 16. Qxd5 Nxd5 17. Bd4 Rc8 18. c4 bxc3 19. bxc3 O-O 20. Rfe1 Rc7 21. Rab1 Rfc8 22. c4 Nf6 23. Rb5 Nd7 24. Nxd7 Bxd4 25. Ne5 f6 26. Nf3 Bb6 27. Nd2 Rd7 28. Re2 Kf7 29. f4 Rcd8 30. Nb3 Bc7 31. c5 Rd5 32. Rb7 Rc8 33. Rxa7 Ke8 34. Kf3 Bd8 35. a4 Rd7 36. Rxd7 Kxd7 37. Ke4 Rb8 38. Nd4 Rb4 39. Ra2 Bc7 40. Kd5 e5 41. fxe5 Bxe5 42. c6+ Kc8 43. Nb5 Rb1 44. a5 Rxb5+ 45. Ke6 Rc5 46. a6 Rxc6+ 47. Kf7 Kb8 48. Kg8 Rc7 49. g4 Ka7 50. Ra5 Bc3 51. Ra4 Be5 52. h4 h5 53. g5 fxg5 54. hxg5 Rc6 55. Kf7 Rxa6 56. Re4 Ba1 57. Re7+ Kb6 58. Kxg6 Kb5+ 59. Kxh5 Bd4 60. g6 Bc5 61. Re5 Ra7 62. Kh6 Kc4 63. Re4+ Bd4 64. Rf4 Kd5 65. Rf7 Be3+ 66. Kh7 Rxf7+ 67. gxf7 Bc5 68. Kg8 Ke6 69. Kg7 Ke5 70. Kg8 Bd6 71. f8=Q Bxf8 1/2-1/2


[Site "https://www.chess.com"]